Map: Catalyst LE

Players

Cless

  • Race: Terran Terran
  • League: Diamond
  • Spawn Location: 5:00

Yamapickle - Winner!

  • Race: Zerg Zerg
  • League: Diamond
  • Spawn Location: 11:00

VOD

Have the link to the VOD?

Description

Time

  • Played on: Jan. 20, 2018, 7:53 p.m.
  • Length: 20:58
Show
View Real Time Build Order
Export as new Build Order

Cless Terran 

Build Orders: Cyclone Opening, MMM Bio 

Get SALT Encoding   

  12  0:01  SCV  
  13  0:13  SCV  
  14  0:18  Supply Depot  
  14  0:25  SCV  
  15  0:40  SCV  
  16  0:43  Barracks  
  16  0:52  SCV  
  16  0:53  Refinery  
  17  1:04  SCV  
  18  1:16  SCV  
  19  1:31  Marine  
  20  1:33  Command Center  
  20  1:35  SCV  
  21  1:47  Orbital Command  
  21  1:55  Factory  
  21  1:58  Marine  
  22  2:10  Supply Depot  
  23  2:15  SCV  
  23  2:17  Barracks Reactor  
  23  2:32  SCV  
  24  2:41  Bunker  
  25  2:44  SCV  
  25  2:50  Orbital Command  
  25  2:54  Cyclone  
  28  3:00  Marine  
  28  3:01  Marine  
  28  3:04  SCV  
  31  3:13  Supply Depot  
  31  3:16  SCV  
  31  3:18  SCV  
  33  3:28  SCV  
  33  3:30  SCV  
  33  3:33  Hellion x2  
  39  3:37  Armory  
  39  3:40  SCV  
  40  3:42  SCV  
  40  3:43  Marine, Supply Depot  
  42  3:53  SCV  
  42  3:54  SCV  
  42  3:55  Hellion x2  
  48  4:01  Marine  
  49  4:05  SCV  
  49  4:06  SCV  
  51  4:17  SCV  
  51  4:18  SCV  
  51  4:21  Barracks x2  
  51  4:22  Barracks  
  51  4:23  Barracks  
  53  4:25  Refinery  
  53  4:26  Refinery  
  53  4:28  Refinery  
  53  4:29  SCV  
  39  5:01  SCV x2  
  40  5:07  Supply Depot  
  40  5:08  Command Center  
  40  5:11  Barracks Tech Lab x2, Barracks Reactor  
  40  5:12  Barracks Reactor  
  40  5:13  SCV x2  
  42  5:18  Engineering Bay  
  42  5:20  Engineering Bay  
  42  5:22  Barracks Reactor  
  42  5:25  SCV x2  
  44  5:30  Starport  
  44  5:37  SCV x2  
  46  5:44  Cyclone  
  46  5:49  SCV x2, Terran Infantry Weapons Level 1  
  51  5:50  Terran Infantry Armor Level 1  
  51  5:53  Marine x2  
  51  5:54  Marine x4  
  57  6:01  SCV x2  
  59  6:07  Stimpack, Combat Shields  
  59  6:09  Marine  
  60  6:12  Marine  
  60  6:13  SCV x2  
  60  6:17  Marine x4  
  67  6:20  Command Center  
  68  6:25  SCV  
  68  6:31  Marine x4  
  68  6:32  Supply Depot  
  72  6:34  Supply Depot, Marine  
  72  6:35  Marine  
  72  6:36  Medivac  
  72  6:37  Medivac  
  78  6:44  Terran Vehicle Weapons Level 1  
  78  6:49  Cyclone  
  81  6:54  Planetary Fortress  
  81  6:56  SCV x2  
  81  7:00  Marine x3  
  86  7:07  Supply Depot  
  87  7:08  SCV x2  
  87  7:09  Supply Depot, Marine  
  87  7:10  Marine  
  87  7:11  Marine  
  87  7:13  Marine x2  
  93  7:18  Marine x3  
  96  7:27  Concussive Shells  
  96  7:32  Marine x2  
  96  7:33  Marine x3  
  96  7:36  Marine x3  
  104  7:44  Terran Infantry Armor Level 2, Terran Infantry Weapons Level 2  
  104  7:48  SCV x2  
  104  7:50  Refinery  
  104  7:51  Refinery  
  72  8:24  Marine x7  
  72  8:25  Marine  
  79  8:27  SCV x2  
  79  8:28  SCV  
  83  8:38  Factory  
  83  8:39  SCV  
  83  8:40  Factory, SCV x2  
  86  8:41  Marine  
  86  8:42  Orbital Command, Marine x5, Factory  
  91  8:51  SCV  
  91  8:52  Command Center, SCV  
  91  8:53  Marine x2  
  95  8:56  Sensor Tower, Factory Tech Lab  
  95  8:59  Marine x2  
  95  9:00  Marine x2  
  95  9:02  Medivac x2  
  103  9:03  SCV  
  103  9:04  SCV x2  
  103  9:06  Marine x2  
  103  9:09  Terran Vehicle Weapons Level 2  
  108  9:11  Marine x2  
  110  9:17  Marine  
  110  9:18  SCV x4  
  115  9:30  SCV x2  
  117  9:33  Marine x3  
  117  9:34  Marine x4  
  117  9:35  Marine  
  109  9:51  Marine x3  
  101  10:11  Marine x3  
  101  10:12  Marine x5  
  101  10:14  Siege Tank  
  112  10:17  Command Center  
  112  10:19  Sensor Tower, Factory Tech Lab x3  
  112  10:21  Terran Infantry Weapons Level 3  
  112  10:22  Terran Infantry Armor Level 3  
  112  10:27  Medivac x2  
  116  10:29  Marine x3  
  116  10:30  Marine x5, SCV  
  125  10:38  Command Center  
  125  10:42  Siege Tank x2  
  131  11:05  Siege Tank x2  
  98  11:14  Siege Tank  
  99  11:24  Missile Turret  
  99  11:28  Marine  
  98  11:41  Marine x6  
  98  11:42  Marine  
  98  11:45  Marine  
  100  11:48  Planetary Fortress  
  100  11:50  Missile Turret  
  100  11:58  Marine  
  100  11:59  Marine x6  
  107  12:02  SCV x2  
  107  12:03  Marine  
  107  12:04  SCV x2  
  112  12:10  Sensor Tower  
  112  12:14  SCV x2  
  112  12:15  Command Center, Siege Tank x4  
  126  12:16  Marine x2, SCV x2  
  126  12:17  Marine x3, Terran Vehicle Weapons Level 3  
  126  12:18  Marauder  
  126  12:19  Marine  
  136  12:26  SCV  
  136  12:27  SCV  
  136  12:28  SCV x2  
  140  12:38  SCV  
  141  12:48  Liberator x2  
  138  12:56  Marine x4, Marauder  
  118  13:00  Marine x2, Marauder  
  119  13:14  Marine x4  
  119  13:17  Marine  
  119  13:18  Marine, Marauder  
  124  13:21  Marauder  
  120  13:31  Marine, Liberator x2, Refinery  
  120  13:32  Marine x3  
  122  13:34  Sensor Tower  
  122  13:35  Marine x2  
  122  13:36  Refinery  
  122  13:39  Marauder  
  122  13:42  Marauder  
  122  13:45  Thor  
  128  13:49  Marine x2  
  128  13:50  Marine x2, SCV x2  
  128  13:53  Marine x2  
  142  14:00  Marauder  
  144  14:04  Marauder  
  144  14:07  Marine  
  147  14:17  Marine x2  
  147  14:18  Marine x2  
  147  14:20  Liberator  
  147  14:25  Planetary Fortress  
  147  14:29  Supply Depot  
  147  14:31  Supply Depot  
  147  14:33  Liberator  
  147  14:37  Marine, Marauder x2  
  155  14:50  Marine x5  
  163  14:54  Marine, Missile Turret  
  163  14:58  Marauder  
  163  14:59  Marauder  
  168  15:08  Marine x3  
  171  15:16  Marine x2  
  171  15:21  Marine  
  171  15:22  Marauder x2  
  133  15:37  Command Center  
  133  15:39  SCV x3  
  136  15:43  Marauder x2  
  140  16:00  Command Center, Medivac x2  
  144  16:05  Marauder  
  139  16:25  Marauder  
  139  16:26  Marauder  
  139  16:47  Marauder  
  121  17:24  Orbital Command  
  121  17:41  Liberator x2  
  105  17:54  Marauder x2  
  105  17:55  Marine x5  
  105  17:56  Marine  
  105  17:57  Thor x2  
  133  18:01  Terran Ship Weapons Level 1  
  133  18:05  Siege Tank  
  136  18:12  Marine  
  136  18:13  Marine x2  
  136  18:16  Marauder x2  
  143  18:37  Marauder x2, SCV x2  
  143  18:38  SCV x2  
  143  18:40  Viking  
  143  18:41  Viking  
  155  18:58  Marauder  
  155  18:59  Marauder  
  112  19:25  Siege Tank x3  
  112  19:26  Marauder, Siege Tank  
  112  19:27  Marine x6, Marauder  
  134  19:39  Planetary Fortress  
  134  19:44  Marine  
  134  19:45  Marine  
  136  19:48  Marauder x2  
  140  19:57  Siege Tank x2  
  140  19:58  Siege Tank x2  
  136  20:09  Marauder  
  132  20:17  Viking x2  
Show
View Real Time Build Order
Export as new Build Order

Yamapickle Zerg - Winner!

Build Orders: Hatch First 

Get SALT Encoding   

  12  0:01  Drone  
  13  0:13  Overlord  
  13  0:19  Drone  
  14  0:32  Drone x2  
  14  0:35  Drone  
  17  0:55  Hatchery  
  16  0:57  Drone  
  16  1:00  Drone  
  16  1:03  Extractor  
  17  1:18  Spawning Pool  
  16  1:21  Drone  
  16  1:24  Drone  
  18  1:29  Drone  
  19  1:39  Overlord  
  19  2:05  Queen, Metabolic Boost  
  19  2:06  Queen  
  23  2:09  Zergling x2  
  23  2:11  Zergling x2  
  23  2:15  Drone  
  26  2:16  Drone  
  27  2:25  Drone x2  
  29  2:32  Overlord  
  29  2:35  Overlord  
  29  2:39  Drone  
  30  2:44  Drone  
  31  2:56  Hatchery  
  30  3:01  Queen  
  32  3:09  Queen  
  32  3:11  Drone  
  36  3:12  Drone  
  36  3:15  Drone  
  37  3:20  Drone x2  
  37  3:21  Drone  
  37  3:24  Drone  
  41  3:29  Overlord  
  41  3:33  Overlord  
  41  3:40  Queen  
  43  3:47  Queen  
  45  3:49  Drone x3  
  45  3:51  Drone  
  45  3:54  Drone  
  50  3:58  Drone x2  
  50  3:59  Drone  
  53  4:08  Drone  
  54  4:10  Extractor  
  54  4:12  Evolution Chamber  
  54  4:13  Evolution Chamber  
  54  4:15  Queen  
  53  4:18  Drone  
  53  4:19  Drone x2  
  53  4:20  Overlord  
  56  4:29  Zergling x2  
  56  4:30  Zergling x10  
  60  4:34  Queen  
  60  4:37  Extractor  
  61  4:41  Zergling x2  
  54  4:56  Zergling x4  
  54  4:57  Zergling x6  
  56  5:04  Lair  
  56  5:08  Baneling Nest, Drone x6  
  61  5:23  Drone x3  
  61  5:24  Zerg Ground Armor Level 1  
  61  5:28  Drone x5  
  69  5:37  Queen  
  69  5:39  Overlord  
  69  5:42  Zergling x2, Hatchery  
  71  5:44  Zergling x2  
  71  5:46  Zerg Melee Weapons Level 1  
  71  5:47  Zergling x2  
  71  5:48  Zergling x2  
  74  5:52  Baneling x3  
  74  6:00  Drone x8  
  74  6:02  Extractor  
  81  6:05  Extractor x2, Drone x2  
  81  6:06  Drone  
  81  6:07  Overlord  
  81  6:10  Overlord  
  82  6:17  Centrifical Hooks  
  82  6:29  Drone  
  82  6:30  Drone  
  82  6:32  Drone x3, Hydralisk Den  
  86  6:33  Drone x3  
  86  6:35  Zergling x2  
  86  6:36  Zergling x8  
  86  6:38  Baneling x3  
  94  6:43  Overseer  
  94  6:51  Zergling x8  
  94  6:53  Overlord x3  
  101  7:02  Queen  
  101  7:06  Muscular Augments  
  101  7:07  Infestation Pit  
  99  7:08  Zergling x6  
  99  7:09  Zergling x4  
  99  7:10  Baneling x6  
  99  7:11  Baneling  
  99  7:13  Hydralisk  
  105  7:24  Hydralisk  
  105  7:25  Hydralisk x3  
  105  7:26  Zergling x2  
  105  7:27  Zergling x14  
  121  7:31  Drone x4  
  121  7:33  Overlord  
  125  7:40  Zerg Ground Armor Level 2  
  125  7:52  Pneumatized Carapace  
  125  7:53  Hydralisk  
  125  7:54  Hydralisk  
  125  7:55  Overlord x2  
  111  8:13  Zergling x28  
  111  8:14  Zergling x2  
  126  8:20  Drone x7  
  126  8:21  Zerg Melee Weapons Level 2  
  126  8:24  Baneling x9  
  126  8:25  Baneling x2  
  130  8:41  Spire, Hydralisk x3  
  129  8:42  Hydralisk  
  129  8:44  Extractor  
  129  8:45  Zergling x2  
  129  8:47  Zergling x2  
  129  8:48  Extractor  
  137  8:52  Baneling x2  
  137  8:53  Baneling x4  
  137  8:55  Hydralisk  
  137  8:56  Overlord  
  137  8:57  Overlord x2  
  139  9:05  Drone x2  
  139  9:06  Drone  
  142  9:20  Hive  
  142  9:21  Hydralisk  
  142  9:22  Hydralisk x5  
  154  9:33  Hatchery  
  138  9:50  Zergling x2  
  138  9:51  Zergling x26  
  138  9:52  Zergling x2  
  137  9:55  Corruptor x5  
  137  9:56  Corruptor  
  145  10:02  Zergling x2  
  145  10:03  Zergling x18  
  155  10:07  Zerg Missile Weapons Level 1  
  155  10:10  Zerg Flyer Weapons Level 1  
  155  10:21  Zergling x14  
  156  10:22  Zergling x12  
  156  10:24  Baneling x7  
  156  10:25  Overlord, Baneling x7  
  156  10:27  Overlord  
  168  10:45  Adrenal Glands, Ultralisk Cavern  
  167  10:51  Overlord  
  167  10:52  Overlord  
  167  10:54  Zergling x10  
  167  10:55  Zergling x14  
  159  11:08  Zergling x2  
  159  11:09  Zergling x14  
  124  11:16  Zergling x6  
  123  11:27  Zergling x8  
  123  11:31  Drone  
  123  11:32  Chitinous Plating  
  127  11:33  Ultralisk  
  126  11:45  Zergling x8  
  119  11:52  Ultralisk  
  119  11:53  Ultralisk x3  
  143  11:54  Zergling x6  
  146  12:07  Zergling x2  
  146  12:08  Zergling x24  
  159  12:10  Baneling x10  
  159  12:11  Baneling x2  
  159  12:15  Zerg Melee Weapons Level 3  
  159  12:22  Drone x3  
  162  12:25  Extractor, Drone x3  
  162  12:26  Drone x4  
  168  12:38  Zergling x2  
  168  12:39  Zergling x12  
  175  12:50  Extractor  
  164  12:55  Zergling x6  
  164  12:56  Zergling x2  
  130  13:07  Zergling x8  
  130  13:08  Zergling x16  
  134  13:18  Zergling x2  
  134  13:19  Ultralisk x3, Zergling x4  
  152  13:20  Zergling x2  
  152  13:30  Zerg Flyer Weapons Level 2  
  152  13:34  Ultralisk  
  152  13:35  Ultralisk  
  152  13:36  Zergling x4  
  152  13:37  Zergling x4  
  168  13:42  Queen  
  168  13:47  Ultralisk  
  175  13:48  Zergling x2  
  175  13:49  Zergling x2  
  176  14:08  Ultralisk, Zergling x2  
  176  14:09  Zergling x6, Hatchery  
  185  14:10  Extractor  
  183  14:26  Zergling x2, Baneling x11  
  183  14:27  Zergling x22  
  195  14:43  Corruptor x2  
  199  14:47  Zerg Ground Armor Level 3  
  185  14:54  Zergling x22  
  185  14:55  Zergling x2  
  185  14:56  Baneling  
  185  14:57  Baneling x7  
  190  15:13  Zergling x20  
  195  15:15  Hydralisk  
  195  15:16  Hydralisk x2  
  179  15:26  Zergling x2  
  179  15:27  Zergling x12  
  132  15:37  Ultralisk x2  
  132  15:40  Zerg Missile Weapons Level 2  
  140  15:45  Ultralisk  
  140  15:47  Baneling x3  
  140  15:48  Baneling x4  
  146  15:53  Zergling x6  
  146  15:54  Zergling x4  
  146  15:55  Baneling  
  146  15:56  Baneling x3  
  151  15:57  Drone  
  152  16:06  Zergling x8  
  152  16:09  Zergling x2  
  152  16:10  Zergling x14  
  163  16:14  Zergling x2  
  163  16:15  Zergling x6  
  166  16:35  Ultralisk  
  166  16:36  Ultralisk  
  180  16:40  Ultralisk  
  180  16:54  Hydralisk x8  
  193  17:06  Zergling x20  
  161  17:09  Zergling x2  
  161  17:10  Zergling x4  
  157  17:18  Zergling x2  
  157  17:19  Zergling x12  
  157  17:22  Greater Spire  
  160  17:23  Corruptor  
  161  17:35  Zergling x2  
  161  17:36  Zergling x16  
  170  17:41  Corruptor  
  170  17:44  Extractor  
  171  17:49  Corruptor x2  
  169  17:57  Zergling x8  
  173  18:02  Corruptor x2  
  177  18:15  Corruptor x2  
  177  18:16  Zergling x8  
  177  18:17  Zergling x4  
  186  18:40  Corruptor, Brood Lord x4  
  186  18:41  Corruptor  
  196  18:45  Brood Lord  
  196  18:47  Zergling x4  
  199  18:53  Zergling x2  
  175  19:05  Zergling x4  
  175  19:06  Zergling x36  
  185  19:12  Zergling x2  
  185  19:13  Zergling x4  
  164  19:19  Zergling x10  
  164  19:23  Brood Lord x2  
  155  19:25  Baneling x6  
  155  19:40  Ultralisk  
  161  19:54  Hydralisk  
  161  19:55  Hydralisk x6  
  161  19:56  Hatchery  
  174  20:11  Hydralisk  
  174  20:12  Hydralisk x7  
  184  20:21  Zergling x10  
  180  20:22  Extractor, Zergling x8  
  184  20:32  Hydralisk  
  184  20:33  Hydralisk x4  
Tags
 
Add a new tag
Caveats
  • Supply blocks, unpowered buildings, or Contaminate may cause inaccurate times.
  • Supply counts are checked every 10 seconds.